MLB
WASHINGTON NATIONALS @ BALTIMORE ORIOLES
06/16/2098
 
TOP OF THE 1ST
Washington Nationals batting - Pitching for Baltimore Orioles : RHP Chris Hafer
Pitching: RHP Chris Hafer
Batting: RHB Luis Rivera 0-0: Ball
1-0: Ball
2-0: Ground out 1-3 (Groundball, 15, EV 66.9 MPH)
Batting: SHB Kyle Spencer 0-0: Ball
1-0: Ball
2-0: Ground out U3 (Groundball, 3S, EV 90.6 MPH)
Batting: RHB Jon Young 0-0: Called Strike
0-1: Foul Ball, location: 9LSF
0-2: Foul Ball, location: 3F
0-2: Foul Ball, location: 25F
0-2: Ball
1-2: Ball
2-2: Foul Ball, location: 23FF
2-2: Strikes out swinging
Top of the 1st over - 0 runs, 0 hits, 0 errors, 0 left on base; Washington 0 - Baltimore 0
BOTTOM OF THE 1ST
Baltimore Orioles batting - Pitching for Washington Nationals : RHP Josh Wright
Pitching: RHP Josh Wright
Batting: LHB Jeremy Marshall 0-0: Ball
1-0: Ball
2-0: Ground out 4-3 (Groundball, 4, EV 85.0 MPH)
Batting: LHB Jerry Peterson 0-0: Ball
1-0: Foul Ball, location: 2F
1-1: Swinging Strike
1-2: Strikes out looking
Batting: LHB Nate Wagner 0-0: Ball
1-0: Called Strike
1-1: Called Strike
1-2: Strikes out swinging
Bottom of the 1st over - 0 runs, 0 hits, 0 errors, 0 left on base; Washington 0 - Baltimore 0
TOP OF THE 2ND
Washington Nationals batting - Pitching for Baltimore Orioles : RHP Chris Hafer
Batting: LHB Jose Lara 0-0: Swinging Strike
0-1: Foul Ball, location: 23F
0-2: Foul Ball, location: 9LSF
0-2: Foul Ball, location: 7LSF
0-2: Ball
1-2: Strikes out swinging
Batting: SHB Everett Anderson 0-0: Called Strike
0-1: Ball
1-1: Ball
2-1: Foul Ball, location: 25F
2-2: Ball
3-2: Strikes out swinging
Batting: RHB Mario Garcia 0-0: Ball
1-0: Called Strike
1-1: Ball
2-1: Foul Ball, location: 23FF
2-2: Strikes out swinging
Top of the 2nd over - 0 runs, 0 hits, 0 errors, 0 left on base; Washington 0 - Baltimore 0
BOTTOM OF THE 2ND
Baltimore Orioles batting - Pitching for Washington Nationals : RHP Josh Wright
Batting: RHB Jonathan Skye 0-0: Ball
1-0: Ground out 4-3 (Groundball, 4D, EV 105.6 MPH)
Batting: LHB Kenny West 0-0: Ball
1-0: Ball
2-0: Called Strike
2-1: Fly out, F3 (Popup, 3SF, EV 79.4 MPH)
Batting: RHB Travis Darling 0-0: Ball
1-0: Called Strike
1-1: Ground out 4-3 (Groundball, 4, EV 100.6 MPH)
Bottom of the 2nd over - 0 runs, 0 hits, 0 errors, 0 left on base; Washington 0 - Baltimore 0
TOP OF THE 3RD
Washington Nationals batting - Pitching for Baltimore Orioles : RHP Chris Hafer
Batting: RHB Isaiah Williams 0-0: Swinging Strike
0-1: Fly out, F7 (Flyball, 7, EV 91.9 MPH)
Batting: RHB Jose Orozco 0-0: Ball
1-0: Ball
2-0: Foul Ball, location: 2F
2-1: Ball
3-1: Foul Ball, location: 23F
3-2: Ground out 6-3 (Groundball, 6, EV 80.0 MPH)
Batting: RHB Danny Amaya 0-0: Ball
1-0: Ball
2-0: Ball
3-0: Base on Balls
Batting: RHB Luis Rivera 0-0: Fly out, F7 (Line Drive, 7LM, EV 90.0 MPH)
Top of the 3rd over - 0 runs, 0 hits, 0 errors, 1 left on base; Washington 0 - Baltimore 0
BOTTOM OF THE 3RD
Baltimore Orioles batting - Pitching for Washington Nationals : RHP Josh Wright
Batting: RHB Danny Haner 0-0: Ball
1-0: Fly out, F9 (Flyball, 9S, EV 81.9 MPH)
Batting: RHB Ed Pollock 0-0: Ball
1-0: Ball
2-0: Ball
3-0: Called Strike
3-1: Called Strike
3-2: Base on Balls
Batting: RHB Lee Board 0-0: Grounds into double play, 3-6-3 (Groundball, 3, EV 103.1 MPH)
Bottom of the 3rd over - 0 runs, 0 hits, 0 errors, 0 left on base; Washington 0 - Baltimore 0
TOP OF THE 4TH
Washington Nationals batting - Pitching for Baltimore Orioles : RHP Chris Hafer
Batting: SHB Kyle Spencer 0-0: Called Strike
0-1: Ball
1-1: Foul Ball, location: 7LSF
1-2: Strikes out swinging
Batting: RHB Jon Young 0-0: DOUBLE (Flyball, 89XD, EV 101.3 MPH)
Batting: LHB Jose Lara 0-0: Foul Ball, location: 3F
0-1: Swinging Strike
0-2: Foul Ball, location: 2F
0-2: Strikes out swinging
Batting: SHB Everett Anderson 0-0: Swinging Strike
0-1: Called Strike
0-2: Ball
1-2: Ball
2-2: Strikes out swinging
Top of the 4th over - 0 runs, 1 hit, 0 errors, 1 left on base; Washington 0 - Baltimore 0
BOTTOM OF THE 4TH
Baltimore Orioles batting - Pitching for Washington Nationals : RHP Josh Wright
Batting: LHB Jeremy Marshall 0-0: Called Strike
0-1: Ball
1-1: Swinging Strike
1-2: Fly out, F2 (Popup, 2L, EV 86.9 MPH)
Batting: LHB Jerry Peterson 0-0: Called Strike
0-1: Foul Ball, location: 2F
0-2: SINGLE (Line Drive, 7LS, EV 91.3 MPH)
Batting: LHB Nate Wagner 0-0: Ball
1-0: Ball
2-0: Ball
3-0: Base on Balls
Jerry Peterson to second
Batting: RHB Jonathan Skye 0-0: Called Strike
0-1: Foul Ball, location: 23F
0-2: Ball
1-2: Ball
2-2: Ball
3-2: Foul Ball, location: 2F
3-2: Strikes out swinging
Batting: LHB Kenny West 0-0: Ball
1-0: Called Strike
1-1: Ball
2-1: Foul Ball, location: 2F
2-2: Ground out 6-3 (Groundball, 6M, EV 80.0 MPH)
Bottom of the 4th over - 0 runs, 1 hit, 0 errors, 2 left on base; Washington 0 - Baltimore 0
TOP OF THE 5TH
Washington Nationals batting - Pitching for Baltimore Orioles : RHP Chris Hafer
Batting: RHB Mario Garcia 0-0: Swinging Strike
0-1: Swinging Strike
0-2: Foul Ball, location: 9LDF
0-2: SINGLE (Line Drive, 6MD, EV 97.5 MPH)
Batting: RHB Isaiah Williams 0-0: Called Strike
0-1: DOUBLE (Flyball, 89D, EV 110.0 MPH)
Mario Garcia to third
Batting: RHB Jose Orozco 0-0: Ball
1-0: Called Strike
1-1: Called Strike
1-2: Strikes out swinging
Batting: RHB Danny Amaya 0-0: Ball
1-0: Swinging Strike
1-1: Foul Ball, location: 2F
1-2: Ball
2-2: Strikes out swinging
Batting: RHB Luis Rivera 0-0: Called Strike
0-1: Ball
1-1: Foul Ball, location: 9LDF
1-2: Ball
2-2: Ball
3-2: SINGLE (Line Drive, 78S, EV 94.4 MPH)
Mario Garcia scores
Isaiah Williams to third
Runner from 3rd tries for Home, SAFE, throw by LF to home
Luis Rivera to second
Batting: SHB Kyle Spencer 0-0: Ball
1-0: Ball
2-0: Foul Ball, location: 5F
2-1: Ball
3-1: Base on Balls
Batting: RHB Jon Young 0-0: Ball
1-0: DOUBLE (Line Drive, 7LS, EV 106.9 MPH)
Luis Rivera scores
Kyle Spencer to third
Batting: LHB Jose Lara 0-0: Ball
1-0: Ball
2-0: Called Strike
2-1: Swinging Strike
2-2: Ball
3-2: Strikes out swinging
Top of the 5th over - 3 runs, 4 hits, 0 errors, 2 left on base; Washington 3 - Baltimore 0
BOTTOM OF THE 5TH
Baltimore Orioles batting - Pitching for Washington Nationals : RHP Josh Wright
Batting: RHB Travis Darling 0-0: Ball
1-0: Fly out, F8 (Line Drive, 8RM, EV 94.4 MPH)
Batting: RHB Danny Haner 0-0: Foul Ball, location: 7LDF
0-1: Ground out 6-3 (Groundball, 6, EV 86.3 MPH)
Batting: RHB Ed Pollock 0-0: Foul Ball, location: 9LDF
0-1: Swinging Strike
0-2: Foul Ball, location: 3DF
0-2: Foul Ball, location: 9LMF
0-2: Ball
1-2: Ball
2-2: Ball
3-2: Foul Ball, location: 7LDF
3-2: Strikes out swinging
Bottom of the 5th over - 0 runs, 0 hits, 0 errors, 0 left on base; Washington 3 - Baltimore 0
TOP OF THE 6TH
Washington Nationals batting - Pitching for Baltimore Orioles : RHP Chris Hafer
Batting: SHB Everett Anderson 0-0: Called Strike
0-1: Ball
1-1: Called Strike
1-2: Foul Ball, location: 2F
1-2: Strikes out looking
Batting: RHB Mario Garcia 0-0: Called Strike
0-1: Swinging Strike
0-2: Strikes out swinging
Batting: RHB Isaiah Williams 0-0: Called Strike
0-1: Ball
1-1: Called Strike
1-2: Ground out 4-3 (Groundball, 4MS, EV 86.3 MPH)
Top of the 6th over - 0 runs, 0 hits, 0 errors, 0 left on base; Washington 3 - Baltimore 0
BOTTOM OF THE 6TH
Baltimore Orioles batting - Pitching for Washington Nationals : RHP Josh Wright
Batting: RHB Lee Board 0-0: Swinging Strike
0-1: Ball
1-1: SINGLE (Groundball, 4S, EV 75.0 MPH) (infield hit)
Batting: LHB Jeremy Marshall 0-0: Foul Ball, location: 2F
0-1: Ball
Lee Board steals 2nd base
1-1: Ball
2-1: Ball
3-1: Foul Ball, location: 2F
3-2: Base on Balls
Batting: LHB Jerry Peterson 0-0: Ball
1-0: Swinging Strike
1-1: Ball
2-1: Foul Ball, location: 2RF
2-2: Strikes out swinging
Batting: LHB Nate Wagner 0-0: Called Strike
0-1: Ball
1-1: Foul Ball, location: 2F
1-2: Foul Ball, location: 2F
1-2: Fly out, F9 (Flyball, 89M, EV 97.5 MPH)
Batting: RHB Jonathan Skye 0-0: Foul Ball, location: 7LSF
0-1: Ball
1-1: Ball
2-1: Ball
3-1: Foul Ball, location: 2F
3-2: Foul Ball, location: 2F
3-2: Base on Balls
Lee Board to third
Jeremy Marshall to second
Pitching: RHP Tomas Diaz
Batting: LHB Kenny West 0-0: Ball
1-0: Ball
Wild Pitch!
Lee Board scores
Jeremy Marshall to third
Jonathan Skye to second
2-0: Ball
3-0: Called Strike
3-1: Ground out 4-3 (Groundball, 4, EV 98.8 MPH)
Bottom of the 6th over - 1 run, 1 hit, 0 errors, 2 left on base; Washington 3 - Baltimore 1
TOP OF THE 7TH
Washington Nationals batting - Pitching for Baltimore Orioles : RHP Chris Hafer
Pitching: RHP Roger Diaz
Batting: RHB Jose Orozco 0-0: Ball
1-0: Called Strike
1-1: Ball
2-1: Ball
3-1: Ground out 6-3 (Groundball, 6, EV 79.4 MPH)
Batting: RHB Danny Amaya 0-0: Fly out, F3 (Popup, 34, EV 71.3 MPH)
Batting: RHB Luis Rivera 0-0: Ball
1-0: Ball
2-0: Called Strike
2-1: Called Strike
2-2: Strikes out swinging
Top of the 7th over - 0 runs, 0 hits, 0 errors, 0 left on base; Washington 3 - Baltimore 1
BOTTOM OF THE 7TH
Baltimore Orioles batting - Pitching for Washington Nationals : RHP Tomas Diaz
Batting: RHB Travis Darling 0-0: Ball
1-0: Called Strike
1-1: Foul Ball, location: 5SF
1-2: Ball
2-2: SINGLE (Groundball, 6MD, EV 94.4 MPH)
Pinch Hitting: LHB Dave Schwabe 0-0: Called Strike
0-1: Called Strike
0-2: Ball
1-2: Strikes out swinging
Batting: RHB Ed Pollock 0-0: Called Strike
0-1: Called Strike
0-2: Ball
1-2: Ball
2-2: Strikes out swinging
Pinch Hitting: SHB Rafael Garza 0-0: Ball
1-0: Ball
2-0: Foul Ball, location: 7LSF
2-1: Foul Ball, location: 2F
2-2: Ball
3-2: Fly out, F9 (Line Drive, 9S, EV 108.1 MPH)
Bottom of the 7th over - 0 runs, 1 hit, 0 errors, 1 left on base; Washington 3 - Baltimore 1
TOP OF THE 8TH
Washington Nationals batting - Pitching for Baltimore Orioles : RHP Roger Diaz
Now at 3B: Eduardo Lopez
Now in LF: Rafael Garza
Batting: SHB Kyle Spencer 0-0: Foul Ball, location: 7LMF
0-1: Ball
1-1: Foul Ball, location: 7LSF
1-2: Ball
2-2: Strikes out swinging
Batting: RHB Jon Young 0-0: Called Strike
0-1: Ball
1-1: Swinging Strike
1-2: Strikes out swinging
Batting: LHB Jose Lara 0-0: Swinging Strike
0-1: Ball
1-1: Called Strike
1-2: Foul Ball, location: 2F
1-2: Ball
2-2: Foul Ball, location: 23F
2-2: Ball
3-2: Strikes out looking
Top of the 8th over - 0 runs, 0 hits, 0 errors, 0 left on base; Washington 3 - Baltimore 1
BOTTOM OF THE 8TH
Baltimore Orioles batting - Pitching for Washington Nationals : RHP Tomas Diaz
Batting: LHB Jeremy Marshall 0-0: Swinging Strike
0-1: Foul Ball, location: 7LSF
0-2: Fly out, F9 (Flyball, 89S, EV 74.4 MPH)
Batting: LHB Jerry Peterson 0-0: Swinging Strike
0-1: Ball
1-1: Swinging Strike
1-2: Ball
2-2: SINGLE (Line Drive, 7S, EV 104.4 MPH)
Pitching: LHP Manny Arellano
Batting: LHB Nate Wagner 0-0: Called Strike
0-1: Foul Ball, location: 2F
0-2: Strikes out swinging
Batting: RHB Jonathan Skye 0-0: Foul Ball, location: 9LSF
0-1: Ball
1-1: Ball
2-1: Ground out U3 (Groundball, 34S, EV 81.9 MPH)
Bottom of the 8th over - 0 runs, 1 hit, 0 errors, 1 left on base; Washington 3 - Baltimore 1
TOP OF THE 9TH
Washington Nationals batting - Pitching for Baltimore Orioles : RHP Roger Diaz
Pitching: RHP Brent Brzezinski
Batting: SHB Everett Anderson 0-0: Ground out U3 (Groundball, 3, EV 102.5 MPH)
Batting: RHB Mario Garcia 0-0: Ball
1-0: Foul Ball, location: 3F
1-1: Ball
2-1: Ground out U3 (Groundball, 34S, EV 73.1 MPH)
Batting: RHB Isaiah Williams 0-0: Foul Ball, location: 3SF
0-1: Ball
1-1: Ground out 6-3 (Groundball, 56D, EV 101.9 MPH)
Top of the 9th over - 0 runs, 0 hits, 0 errors, 0 left on base; Washington 3 - Baltimore 1
BOTTOM OF THE 9TH
Baltimore Orioles batting - Pitching for Washington Nationals : LHP Manny Arellano
Pitching: RHP Curt Tupper
Batting: LHB Kenny West 0-0: Called Strike
0-1: Called Strike
0-2: Ball
1-2: Ball
2-2: Foul Ball, location: 3DF
2-2: Ball
3-2: Foul Ball, location: 9LMFF
3-2: Strikes out swinging
Batting: RHB Travis Darling 0-0: Ball
1-0: Ball
2-0: Foul Ball, location: 3F
2-1: Ball
3-1: Called Strike
3-2: Base on Balls
Batting: RHB Eduardo Lopez 0-0: Ball
1-0: Ball
2-0: Called Strike
2-1: Foul Ball, location: 9LMFF
2-2: Ball
Pickoff Throw by Catcher to First - Out!
3-2: Foul Ball, location: 2F
3-2: Foul Ball, location: 5FF
3-2: Strikes out looking
Bottom of the 9th over - 0 runs, 0 hits, 0 errors, 0 left on base; Washington 3 - Baltimore 1
Sunday, April 7th , 2024 - OOTP Baseball 24.11 Build 85